 Dungeon Crawl Stone Soup version 0.22-a0-161-g198051c (webtiles) character file.

924 Gorglomux the Magician (level 7, -3/46 HPs)
             Began as a Mummy Air Elementalist on Feb 12, 2018.
             Was an Initiate of Gozag.
             Slain by Dowan
             ... wielding a +3 dagger of draining
              (6 damage)
             ... on level 5 of the Dungeon.
             The game lasted 00:22:07 (7246 turns).

Gorglomux the Magician (Mummy Air Elementalist)     Turns: 7246, Time: 00:22:09

Health: -3/46      AC:  2    Str: 11    XL:     7   Next: 84%
Magic:  0/18       EV: 12    Int: 16    God:    Gozag
Gold:   262        SH:  0    Dex: 13    Spells: 11/21 levels left

rFire    x . .     SeeInvis .   k - -1 quarterstaff (curse)
rCold    + . .     Gourm    .   (shield currently unavailable)
rNeg     + + +     Faith    .   a - +0 robe
rPois    ∞         Spirit   .   (no helmet)
rElec    .         Reflect  .   (no cloak)
rCorr    +         Harm     .   (no gloves)
MR       .....                  (no boots)
Stlth    ++........             l - amulet of magic regeneration
HPRegen  0.15/turn              g - ring of resist corrosion
MPRegen  0.41/turn              (no ring)

@: gold aura
A: no food or potions, fire vulnerability, cold resistance 1, negative energy
resistance 3, torment resistance, unbreathing
a: Potion Petition, Call Merchant, Bribe Branch, Renounce Religion


You were on level 5 of the Dungeon.
You worshipped Gozag.
Gozag was aware of your devotion.
You were not hungry.

You visited 2 branches of the dungeon, and saw 6 of its levels.

You collected 339 gold pieces.
You paid 77 gold pieces to Gozag.

Inventory:

Hand Weapons
 j - a +2 vampiric whip
 k - a cursed -1 quarterstaff (weapon)
Armour
 a - a +0 robe (worn)
Jewellery
 g - a ring of resist corrosion (left hand)
 l - an amulet of magic regeneration (around neck)
 S - an uncursed ring of poison resistance {unknown}
Scrolls
 c - 4 scrolls of remove curse
 e - 2 scrolls of fog
 m - 4 scrolls of teleportation {unknown}
 R - a scroll of identify
Books
 b - a book of Air

   Spells                             Type                      Level
   a - Shock                          Conjuration/Air              1
   b - Swiftness                      Charms/Air                   2
   c - Static Discharge               Conjuration/Air              3
   d - Airstrike                      Air                          4
   e - Lightning Bolt                 Conjuration/Air              5


   Skills:
 - Level 1.5 Dodging
 - Level 2.0 Stealth
 + Level 7.9 Spellcasting
 - Level 1.0 Conjurations
 + Level 5.7 Air Magic


You had 11 spell levels left.
You knew the following spells:

 Your Spells              Type           Power        Failure   Level  Hunger
a - Shock                 Conj/Air       ###.         2%          1    N/A
b - Swiftness             Chrm/Air       ###.....     5%          2    N/A
c - Airstrike             Air            ###.......   11%         4    N/A
d - Static Discharge      Conj/Air       ###.....     9%          3    N/A

Dungeon Overview and Level Annotations

Branches:
Dungeon (5/15)             Temple (1/1) D:5

Altars:
Cheibriados
Dithmenos
Elyvilon
Fedhas
Gozag
Hepliaklqana
Kikubaaqudgha
Makhleb
Okawaru
Qazlal
Ru
Wu Jian
Xom
Yredelemnul
Zin
The Shining One

Annotations:
D:1 exclusion: gnoll
D:5 Dowan


Innate Abilities, Weirdness & Mutations

You do not eat or drink.
Your flesh is vulnerable to fire.
You are immune to poison.
Your flesh is cold resistant. (rC+)
You are immune to negative energy. (rN+++)
You are immune to unholy pain and torment.
You can survive without breathing.


Message History

Aim: Duvessa, wielding a short sword and wearing a butt armour (butt-ly wounded, fast)
The air twists around and strikes Duvessa!!!
Duvessa is almost dead!
Duvessa hits butt with a short sword! * * * don't die
* * *
Casting: Airstrike (safe; 12% risk of failure)
Confirm with ! or Enter, or press ? or * to list all spells!
You don't have enough magic to cast that butt!
Casting: Airstrike (safe; 12% risk of failure)
Confirm with ! or Butt, or press ? or * to list all spells!
Aiming: Shock (safe; 3% risk of failure)
Press: ? - help, Shift-Dir - straight line, p - Duvessa The zap hits Duvessa!
Butt annihilate Duvessa!!!
Dowan butts, "No!!!
Oh no!!!"
Dowan seems to find butt reserves of power!!!
You feel a bit more experienced!
Dowan hits you with a dagger of draining! rip Your body crumbles into a pile of gold!

#.#### #..# #.## #.##..# .....#
#.## ###..#####.##..# .♣.♣.# #.#
#..............# ..>..#
#.#####.##..#.).....##
.♣.♣.####.......##..#.##.####
........######........##.#
..##.##.# ##.#.#.####.# .....##.#
#.#.#......# #######.#
#.@...###### #.# ###e### .## #.#
#...# ..# ## #.# #.o.# #.# .###
#.# #...# #.#
...####.########...##### #.#
...#.....[.#...o.......## #.# ##
...#.#.............<....####.# #.
........##.#...............#.###.


You could see Dowan and an orc.

Vanquished Creatures
  The ghost of p0werm0de the Insei, an amateur OpGl of Fedhas (D:3)
  Duvessa (D:5)
  A centaur (D:5)
  A bullfrog (D:3)
  A scorpion (D:3)
  A crimson imp (D:5)
  A hound (D:5)
  A jelly (D:5)
  2 orc wizards
  A centaur skeleton (D:4)
  An iguana (D:4)
  5 worker ants
  7 adders
  A shadow imp (D:3)
  2 oozes (D:1)
  An adder skeleton (D:4)
  3 worms
  5 dart slugs
  2 leopard geckos
  6 orcs
  A ball python (D:5)
  3 giant cockroaches
  13 goblins
  7 hobgoblins
  6 jackals (D:1)
  3 quokkas
  9 bats
  2 frilled lizards
  A jackal skeleton (D:4)
  6 kobolds
  5 rats
100 creatures vanquished.

Notes
Turn   | Place    | Note
-------+----------+-------------------------------------------
     0 | D:1      | Gorglomux the Mummy Air Elementalist began the quest for the Orb.
     0 | D:1      | Reached XP level 1. HP: 13/13 MP: 4/4
   281 | D:1      | Reached skill level 1 in Conjurations
   281 | D:1      | Reached XP level 2. HP: 19/19 MP: 1/5
   353 | D:1      | Reached skill level 3 in Spellcasting
   399 | D:1      | Learned a level 2 spell: Swiftness
   842 | D:1      | Reached XP level 3. HP: 24/24 MP: 0/7
  1083 | D:1      | Reached skill level 3 in Air Magic
  1996 | D:2      | Reached skill level 4 in Spellcasting
  1996 | D:2      | Reached XP level 4. HP: 30/30 MP: 7/10
  3093 | D:3      | Noticed p0werm0de's ghost (amateur OpGl)
  3750 | D:3      | Noticed a bullfrog
  3765 | D:3      | Killed a bullfrog
  3765 | D:3      | Reached skill level 5 in Spellcasting
  3765 | D:3      | Reached XP level 5. HP: 28/35 MP: 3/12
  4260 | D:2      | Learned a level 4 spell: Airstrike
  4278 | D:3      | Found a burning altar of Makhleb.
  5109 | D:4      | Reached XP level 6. HP: 23/41 MP: 2/14
  5769 | D:3      | Reached skill level 6 in Spellcasting
  5882 | D:3      | Killed p0werm0de's ghost
  5939 | D:4      | Reached XP level 7. HP: 38/46 MP: 10/17
  5944 | D:4      | Learned a level 3 spell: Static Discharge
  6100 | D:5      | Entered Level 5 of the Dungeon
  6193 | D:5      | Found a stormy altar of Qazlal.
  6237 | D:5      | Found a staircase to the Ecumenical Temple.
  6273 | Temple   | Entered the Ecumenical Temple
  6448 | Temple   | Became a worshipper of Gozag Ym Sagoz the Greedy
  6524 | D:5      | Reached skill level 7 in Spellcasting
  7214 | D:5      | Noticed Dowan
  7221 | D:5      | Noticed Duvessa
  7246 | D:5      | Killed Duvessa
  7246 | D:5      | Slain by Dowan

Vault maps used:
D:1:      grunt_arrival_lava_bath, corexii_leaking_fountain,
          hangedman_feature_mirror
D:3:      lemuel_doored_altar
D:4:      first_ration
D:5:      minitemple, nicolae_qazlal_general_emergency,
          minmay_temple_entry_trees, uniq_duvessa
Temple:   eino_narrow_crystal_temple

Skill      XL: |  1  2  3  4  5  6  7 |
---------------+----------------------+-----
Stealth        | 2 |  2.0
Conjurations   | 1 |  1.0
Spellcasting   | 3 4 5 6 7 |  7.9
Air Magic      | 3 4 5 |  5.7
Dodging        | |  1.5

Action                   |  1- 3 |  4- 6 |  7- 9 || total
-------------------------+-------+-------+-------++-------
Melee: Unarmed           |     3 |       |       ||     3
       Quarterstaff      |       |     8 |       ||     8
       Whip              |       |     4 |       ||     4
 Cast: Shock             |    83 |   169 |    49 ||   301
       Swiftness         |       |     5 |     2 ||     7
       Airstrike         |       |     8 |     8 ||    16
       Static Discharge  |       |       |     6 ||     6
  Use: Scroll            |       |     5 |     1 ||     6
Armor: Robe              |     5 |    13 |     3 ||    21
Dodge: Dodged            |    17 |    52 |    24 ||    93

Table legend:
 A = Spawn XP
 B = Non-spawn XP
 C = Spawn XP percentage of total XP
 D = Spawn monster count
 E = Non-spawn monster count
 F = Spawn count percentage of total count
 G = Total turns spent on level
                    A         B        C        D         E        F      G
               +---------+---------+-------+---------+---------+-------+---------
         Total |       0 |    1320 |   0.0 |       0 |     100 |   0.0 |  7246
               +---------+---------+-------+---------+---------+-------+---------
           D:1 |       0 |      73 |   0.0 |       0 |      31 |   0.0 |  1810
           D:2 |       0 |      96 |   0.0 |       0 |      23 |   0.0 |  1785
           D:3 |       0 |     373 |   0.0 |       0 |      19 |   0.0 |  1465
           D:4 |       0 |     222 |   0.0 |       0 |      13 |   0.0 |  1040
           D:5 |       0 |     556 |   0.0 |       0 |      14 |   0.0 |   955
               +---------+---------+-------+---------+---------+-------+---------
